 Dungeon Crawl Stone Soup version 0.19.5 (webtiles) character file.

5 tidbits the Bolt Thrower (level 1, -1/13 HPs)
             Began as a High Elf Wanderer on Oct 31, 2017.
             Slain by an adder (4 damage)
             ... on level 2 of the Dungeon.
             The game lasted 00:01:36 (213 turns).

tidbits the Bolt Thrower (High Elf Wanderer)         Turns: 213, Time: 00:01:36

Health: -1/13      AC:  2    Str: 13    XL:     1   Next: 66%
Magic:  2/2        EV: 11    Int: 16    God:
Gold:   24         SH:  0    Dex: 11    Spells: 0 memorised, 0 levels left

rFire  . . .     SeeInvis .     b - +0 quarterstaff
rCold  . . .     Gourm    .     B - +0 robe (curse)
rNeg   . . .     Faith    .     (shield currently unavailable)
rPois  .         Spirit   .     (no helmet)
rElec  .         Reflect  .     (no cloak)
rCorr  .         Harm     .     (no gloves)
MR     .....                    (no boots)
Stlth  +.........               (no amulet)
                                (no ring)
                                (no ring)

@: lethally poisoned (-1 -> -7)
A: no striking features
a: no special abilities


You were on level 2 of the Dungeon.
You were not hungry.

You visited 1 branch of the dungeon, and saw 2 of its levels.

You collected 24 gold pieces.

Inventory:

Hand Weapons
 b - a +0 quarterstaff (weapon)
 e - a +0 club
 n - a cursed -1 dagger
   (You took it off a goblin on level 2 of the Dungeon)
Missiles
 h - 25 sling bullets
Armour
 a - a +0 shield
 d - a +0 robe
 l - a +0 leather armour
   (You found it on level 2 of the Dungeon)
 B - a cursed +0 robe (worn)
   (You found it on level 1 of the Dungeon)
Scrolls
 c - a scroll of teleportation
 i - 2 scrolls of identify {unknown}
 j - a scroll of recharging {unknown}
 k - 2 scrolls of magic mapping {unknown}
Potions
 g - a potion of curing {unknown}
Comestibles
 f - a bread ration
 m - a slice of pizza


   Skills:
 + Level 1.4 Fighting
 - Level 3.0 Staves
   Level 3.0 Crossbows
 - Level 1.0 Armour
 + Level 0.9 Dodging
 - Level 1.1 Stealth
 - Level 1.0 Shields


You couldn't memorise any spells.
You didn't know any spells.

Dungeon Overview and Level Annotations

Branches:
Dungeon (2/15)

Altars:


Message History

Adjust (i)tems, (s)pells, or (a)bilities?
Adjust which item? (? for menu, Esc to quit)
l - a +0 leather armour (worn)
Adjust to which letter? (? for menu, Esc to quit)
B - a +0 leather armour (worn)
Found a glowing robe.
You see here a glowing robe.
l - a glowing robe Wear which item? (? for menu, Esc to quit)
You start removing your armour.
You continue taking off your +0 leather armour. x4
You finish taking off your +0 leather armour.
You start putting on your armour.
You continue putting on your glowing robe. x5
You finish putting on your cursed +0 robe.
Oops, that feels deathly cold.
Adjust (i)tems, (s)pells, or (a)bilities?
Adjust which item? (? for menu, Esc to quit)
l - a cursed +0 robe (worn)
Adjust to which letter? (? for menu, Esc to quit)
B - a cursed +0 robe (worn);
l - a +0 leather armour A hobgoblin comes into view.
It is wielding a club.
You closely miss the hobgoblin. The hobgoblin hits you with a club.
You hit the hobgoblin.
The hobgoblin is almost dead.
The hobgoblin hits you with a club.
You hit the hobgoblin.
You kill the hobgoblin!
You see here a club.
You open the door. 2 goblins come into view.
The goblin shouts! x2
There is an open door here.
You barely miss the goblin. The goblin closely misses you.
You hit the goblin.
You kill the goblin!
You barely miss the goblin. The goblin hits you with a club.
You barely miss the goblin. The goblin hits you with a club.
You thump the goblin!
You kill the goblin!
No target in view!
No target in view!
You see here a club.
There is an open door here.
You open the door. As you open the door, it creaks loudly!
Found a slice of pizza.
There is an open door here.
Found 12 gold pieces.
m - a slice of pizza You now have 24 gold pieces (gained 12).
Found a scroll labeled ZITUACH VIEL.
i - 2 scrolls labeled ZITUACH VIEL (gained 1)
There is a stone staircase leading down here.
You climb downwards.
The goblin hits you with an enchanted dagger.
* * * LOW HITPOINT WARNING * * *
There is a stone staircase leading up here.
You closely miss the goblin. The goblin closely misses you.
You closely miss the goblin. The goblin barely misses you.
You hit the goblin.
You kill the goblin!
No target in view!
No target in view!
You see here an enchanted dagger.
n - an enchanted dagger An adder comes into view.
The adder hisses angrily.
The adder moves out of view.
Firing (i - inventory): No suitable missiles.
Press: ? - help, Shift-Dir - straight line, f - adder
Aim: an adder
Okay, then.
Unknown command.
You miss the adder.
The adder bites you but does no damage. x2
You sock the adder!
The adder is severely wounded.
The adder bites you.
* * * LOW HITPOINT WARNING * * *
You are lethally poisoned!
The adder poisons you!
You are too injured to fight recklessly!
You are too injured to fight recklessly!
You are too injured to fight recklessly!
You are too injured to fight recklessly!
You are too injured to fight recklessly!
You are too injured to fight recklessly!
You are too injured to fight recklessly!
You closely miss the adder.
The adder is severely wounded.
* * * LOW HITPOINT WARNING * * *
You feel sick. The adder misses you. The adder barely misses you.
You miss the adder.
The adder is severely wounded.
The adder barely misses you.
You barely miss the adder.
The adder is severely wounded.
* * * LOW HITPOINT WARNING * * *
You feel sick. The adder closely misses you. The adder bites you.
You die...

#....)##.####.
##.......#
######.....## ..
..# #.<....#..#
.. #........# #.
#.......##
####.##......##
#....S#......#
#.#@..##....#
#.............
#.............#..
###........#..# .
#........#..#
#...........#
#...........
##..........
#.........


You could see an adder.

Vanquished Creatures
  3 goblins
  A hobgoblin (D:1)
4 creatures vanquished.

Notes
Turn   | Place    | Note
-------+----------+-------------------------------------------
     0 | D:1      | tidbits the High Elf Wanderer began the quest for the Orb.
     0 | D:1      | tidbits set off with: a +0 shield, a +0 quarterstaff, a scroll of teleportation, a +0 robe, a +0 club, a bread ration
     0 | D:1      | Reached XP level 1. HP: 13/13 MP: 2/2
   213 | D:2      | Slain by an adder

Action                   || total
-------------------------++-------
Melee: Quarterstaff      ||    23
Armor: Robe              ||     5
Dodge: Dodged            ||    14

Table legend:
 A = Turns spent in this place as a percentage of turns spent in the entire game.
 B = Non-inter-level travel turns spent in this place as a percentage of non-inter-level travel turns spent in the entire game.
 C = Inter-level travel turns spent in this place as a percentage of turns spent in this place.
 D = Turns resting spent in this place as a percentage of non-inter-level travel turns spent in this place.
 E = Turns spent auto-exploring this place as a percentage of non-inter-level travel turns spent in this place.
 F = Non-inter-level travel turns spent in this place divided by the number of levels of this place that you've seen.
                   A       B       C       D       E      F
               +-------+-------+-------+-------+-------+----------------------
         Total | 100.0 | 100.0 |   0.0 |   0.0 |   0.0 |  97.0
       Dungeon | 100.0 | 100.0 |   0.0 |   0.0 |   0.0 |  97.0
               +-------+-------+-------+-------+-------+----------------------

Table legend:
 A = Kills in this place as a percentage of kills in entire the game.
 B = Kills by you in this place as a percentage of kills by you in the entire game.
 C = Kills by friends in this place as a percentage of kills by friends in the entire game.
 D = Other kills in this place as a percentage of other kills in the entire game.
 E = Experience gained in this place as a percentage of experience gained in the entire game.
 F = Experience gained in this place divided by the number of levels of this place that you have seen.
                   A       B       C       D       E      F
               +-------+-------+-------+-------+-------+----------------------
         Total | 100.0 | 100.0 |  -nan |  -nan | 100.0 |   4.0
       Dungeon | 100.0 | 100.0 |  -nan |  -nan | 100.0 |   4.0
               +-------+-------+-------+-------+-------+----------------------

Vault maps used:
D:1:      dpeg_arrival_arbitrary_c
D:2:      first_bread, kennysheep_doodads
